 Dungeon Crawl Stone Soup version 0.23.2-40-g277498a001 (webtiles) character file.

Game seed: 14858543314545773839

83 Marnok the Shield-Bearer (level 4, -1/38 HPs)
             Began as a Demigod Fighter on Oct 1, 2019.
             Slain by Crazy Yiuf
             ... wielding a +4 quarterstaff of chaos
              (8 damage)
             ... on level 3 of the Dungeon.
             The game lasted 00:06:10 (2244 turns).

Marnok the Shield-Bearer (Demigod Fighter)          Turns: 2244, Time: 00:06:10

Health: -1/38      AC:  7    Str: 26    XL:     4   Next: 2%
Magic:  6/6        EV:  8    Int: 14    God:
Gold:   143        SH: 10    Dex: 15    Spells: 3/3 levels left

rFire    . . .     SeeInvis .   a - +2 long sword
rCold    . . .     Gourm    .   c - +0 shield
rNeg     . . .     Faith    .   b - +0 scale mail
rPois    .         Spirit   .   (no helmet)
rElec    .         Reflect  .   (no cloak)
rCorr    .         Harm     .   (no gloves)
MR       .....                  m - +0 pair of boots (curse)
Stlth    ..........             (no amulet)
HPRegen  0.12/turn              r - +2 ring of intelligence (curse)
MPRegen  0.10/turn              (no ring)

@: mighty
A: high mp 1
a: no special abilities


You were on level 3 of the Dungeon.
You were not hungry.

You visited 1 branch of the dungeon, and saw 4 of its levels.

You collected 143 gold pieces.

Inventory:

Hand Weapons
 a - a +2 long sword (weapon)
Armour
 b - a +0 scale mail (worn)
 c - a +0 shield (worn)
 m - a cursed +0 pair of boots (worn)
Jewellery
 r - a cursed +2 ring of intelligence (left hand)
Wands
 p - a wand of digging (7)
Scrolls
 e - a scroll of identify
 h - a scroll of immolation {unknown}
 i - 2 scrolls of magic mapping
 j - a scroll of blinking
 k - a scroll of fear {unknown}
 l - 2 scrolls of remove curse
 o - a scroll of amnesia {unknown}
 s - 2 scrolls of enchant armour {unknown}
Potions
 g - 2 potions of haste
 n - a potion of flight {unknown}
 q - a potion of ambrosia {unknown}
Comestibles
 f - 5 rations


   Skills:
 + Level 3.2 Fighting
 + Level 2.6 Long Blades
 + Level 3.0 Armour
 + Level 0.9 Dodging
 + Level 3.2 Shields


You had 3 spell levels left.
You didn't know any spells.
Your spell library was empty.

Dungeon Overview and Level Annotations

Branches:
Dungeon (4/15)
 Temple: D:4-7

Annotations:
D:3 1 transporter, Crazy Yiuf


Innate Abilities, Weirdness & Mutations

You have an increased reservoir of magic. (+10% MP)


Message History

Found a mace.
Found a runed translucent door.
Crazy Yiuf shouts!
Crazy Yiuf whimpers, "Citrus bush seventy!"
You feel very mighty all of a sudden.
You open the door.
Crazy Yiuf waves his quarterstaff at you.
You closely miss Crazy Yiuf. You block Crazy Yiuf's attack.
Your shield and scale mail prevent you from hitting Crazy Yiuf.
Crazy Yiuf hits you with a +4 quarterstaff of chaos.
Crazy Yiuf burns you. Crazy Yiuf hits you but does no damage.
You slash Crazy Yiuf!
Crazy Yiuf is severely wounded.
Crazy Yiuf hits you with a +4 quarterstaff of chaos!
You blink.
You barely miss Crazy Yiuf.
Crazy Yiuf is severely wounded.
Crazy Yiuf hits you with a +4 quarterstaff of chaos!
* * * LOW HITPOINT WARNING * * *
You are electrocuted!
You die...

.######
♣....♣
#..###.....
........
♣♣...♣
#..'.......
########
♣♣.♣♣
#..###....#
♣♣.♣ #.##
#.#.## ♣.♣♣
### #.....
♣♣.♣ ###.##
♣.♣♣ #.#
##g## #.#
#@..# #.#
#...# #.#
#)..#
########.#
#####
#........#
#.########
### #####.#
#.###.#.#.#
#.........#
#.......###


You could see Crazy Yiuf.

Vanquished Creatures
  2 adders (D:2)
  2 worms
  A dart slug (D:1)
  A ball python (D:3)
  11 bats
  11 goblins
  7 hobgoblins
  2 jackals
  3 kobolds
  A quokka (D:2)
  A frilled lizard (D:1)
  13 rats
55 creatures vanquished.

Notes
Turn   | Place    | Note
-------+----------+-------------------------------------------
     0 | D:1      | Marnok the Demigod Fighter began the quest for the Orb.
     0 | D:1      | Reached XP level 1. HP: 18/18 MP: 3/3
    89 | D:1      | Reached XP level 2. HP: 11/26 MP: 4/4
  1167 | D:2      | Reached XP level 3. HP: 21/31 MP: 5/5
  1548 | D:2      | Found a deep blue altar of Sif Muna.
  1904 | D:3      | Found a transporter.
  2069 | D:3      | Found an ornate altar of the Wu Jian Council.
  2118 | D:3      | Reached XP level 4. HP: 37/38 MP: 6/6
  2235 | D:3      | Found a runed translucent door.
  2236 | D:3      | Noticed Crazy Yiuf
  2244 | D:3      | Slain by Crazy Yiuf

Skill      XL: |  1  2  3 |
---------------+----------+-----
Fighting       | 3 |  3.2
Long Blades    | 2 |  2.6
Shields        | 3 |  3.2
Armour         | 3 |  3.0
Dodging        | |  0.9

Action                   |  1- 3 |  4- 6 || total
-------------------------+-------+-------++-------
Melee: Long sword        |   137 |     6 ||   143
  Use: Scroll            |     7 |       ||     7
       Potion            |       |     1 ||     1
  Eat: Chunk             |     4 |       ||     4
Armor: Scale mail        |    82 |     2 ||    84
Dodge: Dodged            |    39 |       ||    39
Block: Shield            |    89 |     2 ||    91
       Rpst.: Long sword |    12 |       ||    12
